 Dungeon Crawl Stone Soup version 0.29-a0-668-g12ee2bf84d (webtiles) character file.

Game seed: 5656612446796726868

2 IdlyInterested the Skirmisher (level 1, 0/18 HPs)
             Began as a Demonspawn Fighter on June 23, 2022.
             Slain by a jackal (2 damage)
             ... on level 1 of the Dungeon.
             The game lasted 00:00:34 (37 turns).

IdlyInterested the Skirmisher (Demonspawn Fighter)    Turns: 37, Time: 00:00:35

Health: 0/18       AC:  6    Str: 16    XL:     1   Next: 25%
Magic:  1/1        EV:  8    Int:  9    God:
Gold:   0          SH:  4    Dex: 12    Spells: 0/0 levels left

rFire   . . .      SeeInvis .   a - +0 flail
rCold   . . .      Faith    .   c - +0 buckler
rNeg    . . .      Spirit   .   b - +0 scale mail
rPois   .          Reflect  .   (no helmet)
rElec   .          Harm     .   (no cloak)
rCorr   .          Rampage  .   (no gloves)
Will    .....                   (no boots)
Stlth   ..........              (no amulet)
HPRegen 0.06/turn               (no ring)
MPRegen 0.07/turn               (no ring)

@: no status effects
A: no striking features
a: no special abilities


You were on level 1 of the Dungeon.
You visited 1 branch of the dungeon, and saw 1 of its levels.

Inventory:

Hand Weapons
 a - a +0 flail (weapon)
Armour
 b - a +0 scale mail (worn)
 c - a +0 buckler (worn)
Scrolls
 e - a scroll of poison {unknown}
Potions
 d - a potion of might


   Skills:
 - Level 3.0 Fighting
 * Level 1.9 Maces & Flails
 + Level 2.7 Armour
 - Level 2.6 Shields


You couldn't memorise any spells.
You didn't know any spells.
Your spell library was empty.

Dungeon Overview and Level Annotations

Branches:
Dungeon (1/15)

Altars:


Message History

A jackal comes into view.
The jackal barks!
You hit the goblin but do no damage.
A jackal comes into view.
The goblin hits you but does no damage. x2
You barely miss the goblin.
A jackal comes into view.
The goblin hits you but does no damage.
You hit the goblin.
You kill the goblin!
You block the jackal's attack.
A jackal comes into view.
The jackal bites you.
The jackal barks!
You hit the jackal.
The jackal is moderately wounded.
You closely miss the jackal. The jackal closely misses you.
The jackal bites you but does no damage.
The jackal bites you. The jackal closely misses you. The jackal bites you.
You block the jackal's attack. The jackal bites you.
Things that are here:
a +0 dagger; a scroll labelled VOURUC KO IST; a goblin corpse You closely miss the jackal.
You block the jackal's attack. The jackal bites you.
The jackal bites you but does no damage. x2
The jackal bites you.
The jackal bites you but does no damage. x2
You barely miss the jackal. The jackal barely misses you.
The jackal closely misses you. You block the jackal's attack. x2
The jackal bites you.
* * * LOW HITPOINT WARNING * * *
The jackal bites you but does no damage.
The jackal bites you.
* * * LOW HITPOINT WARNING * * *
The jackal attacks as you move away!
The jackal bites you but does no damage.
The jackal closely misses you.
The jackal bites you but does no damage.
The jackal bites you.
You die...

#... #..# #..# #..#
########..########.
##..................
####...#####....######
..........^#....#########
.###...###.#....@hh......
.#.......#.#....hh$....##
.#.⌠.#.⌠.#.#.....#####.#
.....#.....#######
....###....# ###..#..####
+.....+ ###'### #....<#


You could see 4 jackals.

Vanquished Creatures
  A goblin (D:1)
  A frilled lizard (D:1)
2 creatures vanquished.

Notes
Turn   | Place    | Note
-------+----------+-------------------------------------------
     0 | D:1      | IdlyInterested the Demonspawn Fighter began the quest for
                  | the Orb.
     0 | D:1      | Reached XP level 1. HP: 18/18 MP: 1/1
    37 | D:1      | Slain by a jackal

Illustrated notes

Levels and vault maps discovered:
D:1:      dpeg_arrival_court, layout_loops_ring,
          shapermc_ecumenical_altar_rom_forum

Action                   || total
-------------------------++-------
Melee: Flail             ||     9
Armor: Scale mail        ||    12
Dodge: Dodged            ||     6
Block: Buckler           ||     5

Table legend: (Time is in decaauts)
 A = Elapsed time spent in this place.
 B = Non-inter-level travel time spent in this place.
 C = Inter-level travel time spent in this place.
 D = Time resting spent in this place.
 E = Time spent auto-exploring this place.
 F = Levels seen in this place.
 G = Mean time per level.
                   A        B        C        D        E       F      G
               +--------+--------+--------+--------+--------+-----+--------+
         Total |     40 |     40 |      0 |      0 |     18 |   1 |   40.0 |
       Dungeon |     40 |     40 |      0 |      0 |     18 |   1 |   40.0 |
               +--------+--------+--------+--------+--------+-----+--------+

Top non-repeatable levels by time:
     D:1: 40 daAuts
